 Dungeon Crawl Stone Soup version 0.29.1-1-gd02db6906a (webtiles) character file.

Game seed: 2757215845448536028

25942 Xanbad the Fencer (level 13, -3/114 (115) HPs)
             Began as a Barachi Fighter on Oct 12, 2022.
             Was the Champion of Jiyva.
             Shot with an arrow by Nessos (4 damage)
             ... on level 3 of the Lair of Beasts.
             The game lasted 00:28:16 (10451 turns).

Xanbad the Fencer (Barachi Fighter)                Turns: 10451, Time: 00:28:17

HP:   -3/114 (115)  AC: 19    Str: 18    XL:     13   Next: 22%
MP:   13/13         EV: 13    Int:  8    God:    Jiyva [******]
Gold: 480           SH:  5    Dex: 17    Spells: 12/12 levels left

rFire   . . .      SeeInvis .   u - +1 scimitar (vorpal)
rCold   + + +      Faith    .   c - +0 buckler
rNeg    . . .      Spirit   .   K - +0 chain mail of Jaumoowil {rElec}
rPois   +          Reflect  .   (no helmet)
rElec   +          Harm     .   q - +1 cloak
rCorr   +          Rampage  .   y - +0 pair of gloves
Will    +....      Clarity  +   (no boots)
Stlth   ..........              n - amulet of regeneration
HPRegen 2.69/turn               (no ring)
MPRegen 0.63/turn               (no ring)

@: lethally poisoned (-3 -> -8), about to teleport, lightly drained, slow
A: amphibious, slowness 1, strong legs 2, +LOS, clarity, cold resistance 3,
strong-willed 1, poison resistance, wild magic 3, acidic bite, gelatinous body
2, noise suppression
a: Hop, Renounce Religion, Oozemancy, Slimify


You were on level 3 of the Lair of Beasts.
You worshipped Jiyva.
Jiyva was exalted by your worship.
You visited 2 branches of the dungeon, and saw 15 of its levels.

You collected 480 gold pieces.

Inventory:

Hand Weapons
 a - a +0 long sword
 u - a +1 vorpal scimitar (weapon)
Missiles
 G - 2 throwing nets
Armour
 b - a +0 scale mail
 c - a +0 buckler (worn)
 q - a +1 cloak (worn)
 y - a +0 pair of gloves (worn)
 K - the +0 chain mail of Jaumoowil (worn) {rElec}
   (You found it on level 2 of the Lair of Beasts)

   rElec:     It insulates you from electricity.
Jewellery
 n - an amulet of regeneration (around neck)
 H - a ring of ice
Wands
 f - a wand of mindburst (20)
 p - a wand of roots (7)
 r - a wand of flame (32)
 s - a wand of digging (4)
 w - a wand of charming (8)
 I - a wand of polymorph (2)
Scrolls
 g - a scroll of enchant armour
 m - 3 scrolls of identify
 o - 2 scrolls of vulnerability
 v - a scroll of brand weapon
 x - 2 scrolls of enchant weapon
 z - a scroll of acquirement {unknown}
 B - a scroll of immolation {unknown}
 D - a scroll of fog {unknown}
 F - a scroll of magic mapping
 J - a scroll of teleportation
Potions
 d - 2 potions of might
 h - 2 potions of invisibility {unknown}
 i - 2 potions of heal wounds
 j - a potion of lignification
 k - 2 potions of curing
 l - 3 potions of degeneration
 t - 3 potions of attraction
 C - a potion of magic {unknown}
 E - a potion of berserk rage {unknown}
Miscellaneous
 A - a phantom mirror


   Skills:
 - Level 15.0 Fighting
 - Level 15.0 Long Blades
 + Level 13.9 Armour
 - Level 8.0 Dodging
 - Level 3.2 Shields


You had 12 spell levels left.
You didn't know any spells.
Your spell library contained the following spells:

 Spells                   Type           Power      Damage    Failure   Level
 Sandblast                Erth           0%         2d4       99%         1
 Passwall                 Tmut/Erth      0%         N/A       100%        2
 Sublimation of Blood     Necr           0%         N/A       100%        2
 Wereblood                Tmut           0%         N/A       100%        2
 Stone Arrow              Conj/Erth      0%         3d7       100%        3
 Summon Hydra             Summ           0%         N/A       100%        7


Dungeon Overview and Level Annotations

Branches:
Dungeon (12/15)            Temple (0/1) D:7            Lair (3/5) D:10
  Swamp (0/4) Lair:2       Spider (0/4) Lair:2          Orc (0/2) D:11

Altars:
Ashenzari
Dithmenos
Hepliaklqana
Qazlal
Ru
Uskayaw
Vehumet
Wu Jian
The Shining One
Jiyva

Shops:
D:9 [

Annotations:
D:11 exclusion: orange crystal statue
Lair:3 Nessos


Innate Abilities, Weirdness & Mutations

You are amphibious.
You cover ground slowly.
You can hop long distances.
You have an extended range of vision and can be seen from far away.
You possess an exceptional clarity of mind.
Your flesh is almost immune to the effects of cold. (rC+++)
You are strong-willed. (Will+)
Your system is resistant to poisons. (rPois)
Your spells are much harder to cast, but much more powerful.
You have acidic saliva.
Your pliable body absorbs attacks. (AC +2, EV +2)
You passively dampen the noise of your surroundings.


Message History

You feel strangely unstable.
You feel sick.
Nessos is engulfed in poison gas.
Nessos is poisoned.
Nessos shoots an arrow.
The arrow hits you! The arrow burns you.
You are more poisoned.
The blink frog is engulfed in poison gas.
The blink frog looks even sicker.
The blink frog is engulfed in poison gas.
The blink frog is poisoned.
Nessos is engulfed in poison gas.
Nessos looks even sicker.
Nessos gestures wildly while chanting.
Nessos blinks!
The blink frog is engulfed in poison gas.
The blink frog looks as sick as possible!
The blink frog blinks!
You slice the blink frog!! Your bite misses the blink frog.
The blink frog is severely wounded.
You feel sick.
The blink frog is no longer covered in acid.
Nessos is engulfed in poison gas.
Nessos looks even sicker.
Nessos gestures wildly while chanting.
Nessos blinks!
The blink frog is engulfed in poison gas.
The blink frog looks even sicker.
The blink frog closely misses you.
Nessos is engulfed in poison gas.
Nessos looks as sick as possible!
Nessos pounds the earth with their hooves.
Nessos shoots an arrow.
The arrow hits you!
* * * LOW HITPOINT WARNING * * *
The arrow burns you!
You are more poisoned.
* * * LOW HITPOINT WARNING * * *
The blink frog is engulfed in poison gas.
The blink frog looks as sick as possible!
The blink frog blinks!
* * * LOW HITPOINT WARNING * * *
You feel extremely sick.
Nessos is engulfed in poison gas.
Nessos looks as sick as possible!
Nessos shoots an arrow.
The arrow hits you!
* * * LOW HITPOINT WARNING * * *
The arrow burns you.
You die...

#...... ....# §§§§§P
#§§§§§ ....... §
#§§§§P§§§§§§§........ §§.
#§§§§#§§§§§§§........
.#§##§§§§#§§§§J§#........
.§§§§§§§#§§.§...........
.. #§§§§§§§§§# ......P...
... #§§§§§§§§# ......#...
.... #§§§@§§§§##......P...
P..>.#§§§.§§.§#...........
.....#§§§F§§§§§§§§........
#.§§§§§§§.§§§§§§§§........
#§#§§§§§§§§§§§#§§§...>..<.
.§§§§§§§§§§§§§# §§........
.§c§§§§§§§§§§§##....#.....
.§§F§§§##§§§§§#....##.....
.§§§#§§#.§#§§§§P...#......


You could see Nessos (fast, extremely poisoned), 2 blink frogs and a neutral
jelly (wandering) (fellow slime).

Vanquished Creatures
  Josephine (Lair:3)
  Fannar (Lair:1)
  Harold (D:11)
  A hydra (Lair:1)
  A two-headed ogre (D:10)
  4 bog bodies (Lair:2)
  An ugly thing (D:11)
  An oklob plant (Lair:1)
  A cyclops (D:11)
  4 elephants (Lair:1)
  Psyche (D:8)
  A rime drake (Lair:1)
  3 cane toads (Lair:2)
  Maggie (D:7)
  3 komodo dragons
  5 trolls
  Sigmund (D:6)
  43 yaks
  4 wraiths
  2 steam dragons
  Grum (Lair:1)
  A redback (Lair:2)
  3 vampire mosquitoes (D:11)
  A swamp worm (Lair:2)
  An acid dragon (D:9)
  6 water moccasins
  2 orc warriors
  4 black bears
  2 ice beasts (D:6)
  Pargi (D:4)
  4 sky beasts
  An ogre (D:4)
  11 wolves
  3 centaurs
  A kobold brigand (D:6)
  2 necrophages
  15 bullfrogs
  2 scorpions
  2 gnoll sergeants
  7 wights (D:6)
  9 killer bees (D:7)
  A howler monkey (D:5)
  2 electric eels
  2 vampire bats (Lair:1)
  7 hounds
  2 gnoll boudas
  An orc priest (D:11)
  Crazy Yiuf (D:7)
  2 iguanas (D:5)
  8 orc wizards
  Terence (D:2)
  Robin (D:2)
  6 adders
  17 gnolls
  A shadow imp (D:8)
  A white imp (D:5)
  An ufetubus (D:4)
  2 worms (D:2)
  3 dart slugs (D:2)
  42 orcs
  6 ball pythons
  6 giant cockroaches
  7 hobgoblins
  8 jackals
  10 kobolds
  3 quokkas
  6 bats
  5 frilled lizards
  13 goblins
  7 rats
331 creatures vanquished.

Vanquished Creatures (collateral kills)
  A two-headed ogre (D:8)
  2 wraiths (Lair:3)
3 creatures vanquished.

Vanquished Creatures (others)
  A wyvern (D:11)
  A yak (D:9)
  Duvessa (D:7)
  A water moccasin (Lair:2)
  An ice beast (D:7)
  A black bear (D:10)
  A centaur (D:7)
  2 wolves
  A kobold brigand (D:7)
  3 bullfrogs
  A scorpion (D:5)
  Dowan (D:7)
  3 killer bees (D:7)
  A vampire bat (Lair:1)
  A hound (D:5)
  27 jellies
  4 adders (D:4)
  A gnoll (D:10)
  4 endoplasms
  11 orcs
  3 goblins
  3 hobgoblins
  2 jackals (D:2)
  2 quokkas
  3 bats (Lair:1)
  A frilled lizard (D:2)
  3 kobolds (D:7)
  A rat (D:3)
  48 fungi
  42 plants
175 creatures vanquished.

Grand Total: 509 creatures vanquished

Notes
Turn   | Place    | Note
-------+----------+-------------------------------------------
     0 | D:1      | Xanbad the Barachi Fighter began the quest for the Orb.
     0 | D:1      | Reached XP level 1. HP: 18/18 MP: 1/1
    92 | D:1      | Reached XP level 2. HP: 5/25 MP: 2/2
   406 | D:1      | Found a faded altar of an unknown god.
   433 | D:1      | Prayed at the altar of an unknown god.
   433 | D:1      | Became a worshipper of Jiyva Jimpeih the Shapeless
   433 | D:1      | Reached * piety under Jiyva
   810 | D:2      | Reached XP level 3. HP: 29/30 MP: 3/3
   877 | D:2      | Reached XP level 4. HP: 38/38 MP: 4/4
  1083 | D:2      | Reached ** piety under Jiyva
  1107 | D:2      | Reached XP level 5. HP: 43/43 MP: 5/5
  1355 | D:3      | Noticed Robin
  1357 | D:3      | Reached skill level 5 in Fighting
  1357 | D:3      | Reached skill level 5 in Armour
  1439 | D:3      | Noticed Terence
  1448 | D:2      | Killed Robin
  1464 | D:2      | Killed Terence
  1513 | D:3      | Found a radiant altar of Vehumet.
  1688 | D:3      | Reached *** piety under Jiyva
  1787 | D:3      | You fall into a shaft and drop 1 floor!
  1807 | D:4      | Noticed a black bear
  1830 | D:3      | Gained mutation: You have acidic saliva. [Jiyva's grace]
  1830 | D:3      | Gained mutation: You have a pair of small horns on your
                  | head. [Jiyva's grace]
  1830 | D:3      | Gained mutation: You have a pair of horns on your head.
                  | [Jiyva's grace]
  1830 | D:3      | Gained mutation: You have a pair of large horns on your
                  | head. [Jiyva's grace]
  2105 | D:4      | Killed a black bear
  2106 | D:4      | Reached XP level 6. HP: 51/51 MP: 3/6
  2146 | D:4      | HP: 2/52 [gnoll/+0 spear (1)]
  2150 | D:4      | Reached skill level 5 in Long Blades
  2204 | D:4      | Found a broken altar of Ashenzari.
  2228 | D:4      | Noticed Pargi
  2239 | D:4      | Killed Pargi
  2334 | D:4      | Reached XP level 7. HP: 58/58 MP: 7/7
  2345 | D:4      | Found a sacrificial altar of Ru.
  2568 | D:5      | Entered Level 5 of the Dungeon
  2587 | D:5      | Found a glowing golden altar of the Shining One.
  2653 | D:5      | Reached **** piety under Jiyva
  2758 | D:5      | Found an ornate altar of the Wu Jian Council.
  2867 | D:5      | Reached XP level 8. HP: 67/67 MP: 8/8
  3054 | D:5      | Found a stormy altar of Qazlal.
  3782 | D:6      | HP: 1/68 [ice beast (7)]
  3858 | D:6      | Found a hazy altar of Hepliaklqana.
  3858 | D:6      | Found a shadowy altar of Dithmenos.
  3861 | D:6      | Noticed a shadow
  3915 | D:6      | Reached skill level 1 in Dodging
  3949 | D:6      | Found a hide-covered altar of Uskayaw.
  3984 | D:6      | Noticed Sigmund
  3994 | D:6      | Killed Sigmund
  3995 | D:6      | Reached XP level 9. HP: 73/74 MP: 9/9
  4047 | D:6      | Lost mutation: You have acidic saliva. [Jiyva's grace]
  4047 | D:6      | Gained mutation: You are covered in fur. (AC +1) [Jiyva's
                  | grace]
  4047 | D:6      | Gained mutation: You are covered in thick fur. (AC +2)
                  | [Jiyva's grace]
  4047 | D:6      | Gained mutation: Your thick and shaggy fur keeps you warm.
                  | (AC +3, rC+) [Jiyva's grace]
  4047 | D:6      | Gained mutation: You are strong-willed. (Will+) [Jiyva's
                  | grace]
  4089 | D:6      | Reached skill level 5 in Dodging
  4297 | D:7      | Noticed Maggie
  4307 | D:7      | Killed Maggie
  4416 | D:7      | Killed Duvessa
  4479 | D:7      | Reached ***** piety under Jiyva
  4600 | D:7      | Killed Dowan
  4616 | D:7      | Reached XP level 10. HP: 54/83 MP: 10/10
  4690 | D:7      | Found a staircase to the Ecumenical Temple.
  4700 | D:7      | Found a runed translucent door.
  4701 | D:7      | Noticed Crazy Yiuf
  4818 | D:7      | Found a flagged portal.
  5150 | D:7      | Lost mutation: You have a pair of large horns on your head.
                  | [Jiyva's grace]
  5150 | D:7      | Lost mutation: Your thick and shaggy fur keeps you warm.
                  | (AC +3, rC+) [Jiyva's grace]
  5150 | D:7      | Gained mutation: Your system is resistant to poisons.
                  | (rPois) [Jiyva's grace]
  5150 | D:7      | Gained mutation: You possess an exceptional clarity of
                  | mind. [Jiyva's grace]
  5150 | D:7      | Gained mutation: You are covered in slimy tendrils that may
                  | disarm your opponents. [Jiyva's grace]
  5150 | D:7      | Gained mutation: Your spells are a little harder to cast,
                  | but a little more powerful. [Jiyva's grace]
  5450 | D:7      | Killed Crazy Yiuf
  5623 | D:8      | Noticed Psyche
  5641 | D:8      | Killed Psyche
  6047 | D:8      | Noticed a two-headed ogre
  6051 | D:8      | Killed a two-headed ogre
  6052 | D:8      | Reached skill level 10 in Fighting
  6052 | D:8      | Reached skill level 10 in Long Blades
  6304 | D:9      | Identified the amulet "Cofeokh" {Faith Rampage rC- Int+9}
  6537 | D:9      | Reached XP level 11. HP: 81/95 MP: 11/11
  6636 | D:9      | Found Waxadok's Armour Boutique.
  6672 | D:9      | Reached ****** piety under Jiyva
  6918 | D:10     | Entered Level 10 of the Dungeon
  6953 | D:10     | Noticed a two-headed ogre
  6958 | D:10     | Killed a two-headed ogre
  6974 | D:10     | Lost mutation: You have a pair of horns on your head.
                  | [Jiyva's grace]
  6974 | D:10     | Lost mutation: You are covered in thick fur. (AC +2)
                  | [Jiyva's grace]
  6974 | D:10     | Lost mutation: You are covered in fur. (AC +1) [Jiyva's
                  | grace]
  6974 | D:10     | Lost mutation: Your spells are a little harder to cast, but
                  | a little more powerful. [Jiyva's grace]
  6974 | D:10     | Gained mutation: You have acidic saliva. [Jiyva's grace]
  6974 | D:10     | Gained mutation: Your flesh is cold resistant. (rC+)
                  | [Jiyva's grace]
  6974 | D:10     | Gained mutation: Your flesh is very cold resistant. (rC++)
                  | [Jiyva's grace]
  6974 | D:10     | Gained mutation: Your flesh is almost immune to the effects
                  | of cold. (rC+++) [Jiyva's grace]
  7502 | D:10     | Found a staircase to the Lair.
  7690 | D:11     | Found a staircase to the Orcish Mines.
  7980 | D:11     | Noticed a cyclops
  7981 | D:11     | Noticed a cyan ugly thing
  7993 | D:11     | Killed a cyan ugly thing
  7998 | D:11     | Killed a cyclops
  8029 | D:11     | Noticed Harold
  8043 | D:11     | Killed Harold
  8084 | D:11     | Noticed an orange crystal statue
  8103 | D:11     | Identified the +3 arbalest of Conversion {flame, Drain rC+
                  | Will+ rCorr}
  8554 | Lair:1   | Entered Level 1 of the Lair of Beasts
  8591 | Lair:1   | Lost mutation: You have a pair of small horns on your head.
                  | [Jiyva's grace]
  8591 | Lair:1   | Lost mutation: You are covered in slimy tendrils that may
                  | disarm your opponents. [Jiyva's grace]
  8591 | Lair:1   | Gained mutation: Your rubbery body absorbs attacks. (AC +1,
                  | EV +1) [Jiyva's grace]
  8591 | Lair:1   | Gained mutation: Your pliable body absorbs attacks. (AC +2,
                  | EV +2) [Jiyva's grace]
  8591 | Lair:1   | Gained mutation: Your gelatinous body deflects attacks. (AC
                  | +3, EV +3) [Jiyva's grace]
  8591 | Lair:1   | Gained mutation: You have a pair of small antennae on your
                  | head. [Jiyva's grace]
  8612 | Lair:1   | Noticed Fannar
  8629 | Lair:1   | Killed Fannar
  8664 | Lair:1   | Reached XP level 12. HP: 107/107 MP: 12/12
  8699 | Lair:1   | Noticed an eight-headed hydra
  8737 | Lair:1   | Killed a 12-headed hydra
  9086 | Lair:1   | Noticed Grum
  9099 | Lair:1   | Killed Grum
  9140 | Lair:1   | Reached skill level 15 in Fighting
  9140 | Lair:1   | Reached skill level 15 in Long Blades
  9140 | Lair:1   | Reached skill level 10 in Armour
  9159 | Lair:1   | Identified the +0 robe of Defiance {rElec Dex+8 Stlth-}
  9584 | Lair:2   | Found a hole to the Spider Nest.
  9595 | Lair:2   | Lost mutation: You have a pair of small antennae on your
                  | head. [Jiyva's grace]
  9595 | Lair:2   | Lost mutation: Your gelatinous body deflects attacks. (AC
                  | +3, EV +3) [Jiyva's grace]
  9595 | Lair:2   | Gained mutation: Your spells are a little harder to cast,
                  | but a little more powerful. [Jiyva's grace]
  9595 | Lair:2   | Gained mutation: Your spells are harder to cast, but more
                  | powerful. [Jiyva's grace]
  9595 | Lair:2   | Gained mutation: Your spells are much harder to cast, but
                  | much more powerful. [Jiyva's grace]
  9595 | Lair:2   | Gained mutation: You passively dampen the noise of your
                  | surroundings. [Jiyva's grace]
  9775 | Lair:2   | Identified the +0 chain mail of Jaumoowil {rElec}
 10011 | Lair:2   | Gained mutation: You can hop long distances. [Barachi
                  | growth]
 10011 | Lair:2   | Reached XP level 13. HP: 110/115 MP: 13/13
 10257 | Lair:2   | Found a staircase to the Swamp.
 10292 | Lair:3   | Noticed Josephine
 10304 | Lair:3   | Killed Josephine
 10433 | Lair:3   | Noticed Nessos
 10451 | Lair:3   | HP: 1/114 [Nessos/arrow (7)]
 10451 | Lair:3   | Shot with an arrow by Nessos

Illustrated notes

Levels and vault maps discovered:
D:1:      giann_bridges, layout_basic, shapermc_ecumenical_altar_mp_urbaneastern
D:2:      layout_rooms, chequers_arboretum, minmay_mini_jars
D:3:      layout_loops_cross, lemuel_tele_altar, minmay_misc_feat_tower,
          st_stairs_4, minmay_misc_feat_square, uniq_robin, uniq_terence
D:4:      minmay_diamond_boxcup, layout_cave_pools,
          mainiacjoe_overflow_six_doors_small, kennysheep_mini_moat,
          guppyfry_early_lair_pool, uniq_pargi
D:5:      kb_forest_paths, layout_layer_cave,
          mainiacjoe_overflow_small_starburst, nicolae_wu_jian_wuxing_cycle,
          mainiacjoe_overflow_tiny_flanked, st_stairs_7
D:6:      layout_rooms, riverfiend_overflow_shadow_ancestor,
          mainiacjoe_overflow_boulevard, grunt_ministairs_13, uniq_sigmund
D:7:      layout_layer_cave, minmay_temple_entry_water_ring, enter_bailey_2,
          skrybe_limestone_x, uniq_maggie, uniq_crazy_yiuf_cottage, uniq_duvessa
D:8:      layout_gridville, uniq_psyche
D:9:      minmay_weird_star, layout_irregular_city, serial_shops,
          nicolae_shop_advertising_works [nicolae_subvault_shop_adworks]
D:10:     layout_basic, grunt_lair_entry_orc_guard_hut
D:11:     layout_basic, hiddenorc2_lemuel, serial_bayou_pond_d,
          minmay_protected_statue, uniq_harold
D:12:     layout_grid_maze, serial_shops, shop_fountains, uniq_snorg
Lair:1:   layout_regular_city, chequers_serial_rivers_large_b, roderic_batcave,
          beast_lair_carwin_11, uniq_grum, uniq_fannar
Lair:2:   layout_regular_city, nicolae_swamp_entry_splash_gauntlet,
          spider_nest_entry_rubble
Lair:3:   layout_long_grid, serial_bayou_shore_a, uniq_nessos, uniq_josephine

Skill      XL: |  1  2  3  4  5  6  7  8  9 10 11 12 13 |
---------------+----------------------------------------+-----
Fighting       | 4 5 6 7 8 9 11 14 15 | 15.0
Armour         | 4 5 6 7 8 12 13 | 13.9
Long Blades    | 3 4 5 6 8 9 11 14 15 | 15.0
Dodging        | 4 8 |  8.0
Shields        | |  3.2

Action                   |  1- 3 |  4- 6 |  7- 9 | 10-12 | 13-15 || total
-------------------------+-------+-------+-------+-------+-------++-------
Melee: Long sword        |   110 |   205 |   264 |    43 |       ||   622
       Headbutt          |       |    12 |    58 |    84 |       ||   154
       Bite              |       |     2 |    10 |    63 |    12 ||    87
       Scimitar          |       |       |       |   589 |    73 ||   662
Invok: Oozemancy         |       |     1 |     3 |     5 |     1 ||    10
       Slimify           |       |       |       |     1 |       ||     1
 Abil: Hop               |       |     1 |       |       |       ||     1
  Use: Potion            |       |     1 |     1 |     3 |     1 ||     6
       Scroll            |       |       |     5 |     6 |     2 ||    13
Armor: Scale mail        |    87 |   128 |   118 |   215 |       ||   548
       Skin              |       |       |     4 |       |       ||     4
       Chain mail        |       |       |       |    14 |    28 ||    42
Dodge: Dodged            |    72 |   140 |   154 |   444 |    43 ||   853
Block: Buckler           |    34 |    70 |    63 |   177 |    16 ||   360
